 Dungeon Crawl Stone Soup version 0.19-a0-1803-g97ff39f (webtiles) character file.

7896 Naow the Severer (level 11, -12/85 HPs)
             Began as a Minotaur Berserker on Oct 5, 2016.
             Was an Elder of Trog.
             Killed from afar by Harold (26 damage)
             ... with a bolt of fire
             ... on level 10 of the Dungeon.
             The game lasted 00:21:54 (10113 turns).

Naow the Severer (Minotaur Berserker)              Turns: 10113, Time: 00:21:54

Health: -12/85     AC: 15    Str: 20      XL:     11   Next: 2%
Magic:  10/10      EV:  7    Int:  6 (9)  God:    Trog [****..]
Gold:   406        SH:  0    Dex: 11 (12) Spells: 0 memorised, 10 levels left

rFire  . . .     SeeInvis .     K - +2 war axe
rCold  . . .     Gourm    .     D - +0 plate armour
rNeg   + . .     Faith    .     (no shield)
rPois  .         Spirit   .     (helmet restricted)
rElec  .         Dismiss  .     o - +1 cloak
rCorr  .         Reflect  .     J - +0 pair of gloves
MR     ++...     Harm     .     e - +0 pair of boots
Stlth  ..........               (no amulet)
                                t - ring of flight
                                Q - ring of positive energy

@: exhausted, regenerating, slowed, very slow
A: retaliatory headbutt, horns 2, agile 1, clever 1, weak 1
a: Berserk, Trog's Hand, Brothers in Arms, Burn Spellbooks, Renounce Religion,
Evoke Flight


You were on level 10 of the Dungeon.
You worshipped Trog.
Trog was greatly pleased with you.
You were very hungry.

You visited 1 branch of the dungeon, and saw 10 of its levels.
You also visited: Ossuary.

You collected 406 gold pieces.

Inventory:

Hand Weapons
 a - a +0 hand axe
 K - a +2 war axe (weapon)
Armour
 b - a +0 animal skin
 e - a +0 pair of boots (worn)
 o - a +1 cloak (worn)
 z - a +0 chain mail
 D - a +0 plate armour (worn)
 J - a +0 pair of gloves (worn)
Jewellery
 q - an uncursed ring of wizardry
 t - a ring of flight (right hand)
 y - an uncursed ring of ice
 Q - a ring of positive energy (left hand)
Wands
 A - a wand of lightning (5/15)
 I - a wand of lightning (10/15)
 M - a wand of random effects (19/48)
 P - a wand of digging (9/24)
Scrolls
 h - 3 scrolls of amnesia {unknown}
 l - 8 scrolls of remove curse {unknown}
 n - 3 scrolls of noise {unknown}
 p - 8 scrolls of identify {unknown}
 u - a scroll of enchant armour {unknown}
 v - 3 scrolls of teleportation {unknown}
 x - 2 scrolls of fear {unknown}
 B - 4 scrolls of enchant weapon {unknown}
 E - 2 scrolls of recharging {unknown}
 F - a scroll of fog {unknown}
 S - a scroll of magic mapping {unknown}
Potions
 d - a potion of degeneration
 f - a potion of cure mutation {unknown}
 g - 2 potions of mutation
 j - 2 potions of magic {unknown}
 k - 2 potions of curing
 m - 2 potions of might
 r - a potion of agility {unknown}
 C - a potion of beneficial mutation {unknown}
 G - a potion of resistance {unknown}
 H - a potion of brilliance {unknown}
 L - a potion of flight {unknown}
 R - a potion of lignification {unknown}
Comestibles
 c - 4 bread rations
 i - 20 fruits
 s - a beef jerky
 w - 9 meat rations
 N - 6 slices of pizza
 O - a royal jelly


   Skills:
 - Level 4.9 Fighting
 + Level 18.4 Axes
 - Level 2.9 Armour
 - Level 2.9 Dodging
 - Level 0.3 Stealth


You had 10 spell levels left.
You didn't know any spells.

Dungeon Overview and Level Annotations

Branches:
Dungeon (10/15)            Temple (0/1) D:6            Lair (0/6) D:9
    Orc: D:9-12

Altars:
Ashenzari
Dithmenos
Gozag
Okawaru
Sif Muna
Trog
Uskayaw
The Shining One

Shops:
D:5 *

Annotations:
D:10 Harold


Innate Abilities, Weirdness & Mutations

You reflexively headbutt those who attack you in melee.
You have a pair of horns on your head.
You are agile. (Dex +2)
Your mind is acute. (Int +2)
You are weak. (Str -2)


Message History

The worker ant bites you but does no damage.
The worker ant barely misses you. You furiously retaliate!
You headbutt the worker ant! Harold barely misses you. You furiously retaliate!
You headbutt Harold.
The worker ant bites you but does no damage.
You hit Harold.
Harold is almost dead.
You slash the worker ant!
You kill the worker ant!
Trog accepts your kill. Harold hits you with a dire flail!
* * * LOW HITPOINT WARNING * * *
You hit Harold but do no damage.
Harold is almost dead.
Harold mumbles some strange words.
Harold blinks!
Unknown command.
Harold points at you and mumbles some strange words.
The bolt of fire hits you!
You die...

..........#
..........#
..........#
..........## .
...........# .#
..>........# @..
#.........##...#
#)..........
#..)@.#....
#|.)<.# .
#..<)..#
#..###### #.#
... ...# ..


You could see Harold.

Vanquished Creatures
  A hydra (D:8)
  Erica (D:9)
  Pikel (D:8)
  Joseph (D:8)
  A troll (D:9)
  2 dream sheep (D:8)
  A wraith (Ossuary)
  2 yaks (D:8)
  A hungry ghost (D:9)
  Menkaure (D:5)
  3 wargs (D:9)
  A water moccasin (D:8)
  Duvessa (D:5)
  An orc warrior (D:10)
  An ice beast (D:9)
  A black bear (D:7)
  A sky beast (D:9)
  3 phantoms
  A centaur (D:5)
  3 ogres
  4 big kobolds
  Blork the orc (D:5)
  4 bullfrogs
  A gnoll sergeant (D:7)
  Dowan (D:5)
  4 scorpions
  7 killer bees
  5 wights
  4 crimson imps
  A centaur zombie (D:7)
  A bullfrog zombie (D:9)
  2 jellies
  A centaur skeleton (D:4)
  3 orc priests
  7 hounds
  2 iguanas
  7 orc wizards
  9 worker ants
  A hound zombie (D:9)
  A hound skeleton (D:6)
  A mummy (Ossuary)
  16 adders
  6 gnolls
  An ooze (D:7)
  An adder zombie (D:8)
  4 worms
  3 dart slugs
  7 leopard geckos
  17 orcs
  5 bats
  6 giant cockroaches
  6 goblins
  3 hobgoblins
  4 jackals
  11 kobolds
  2 quokkas
  2 ball pythons
  6 frilled lizards
  6 gnoll skeletons (Ossuary)
  7 kobold skeletons (Ossuary)
  2 leopard gecko skeletons
  12 orc skeletons (Ossuary)
  5 rats
227 creatures vanquished.

Vanquished Creatures (collateral kills)
  An orc warrior (D:9)
  2 killer bees (D:9)
  3 wights (D:9)
  2 orc priests (D:9)
8 creatures vanquished.

Vanquished Creatures (others)
  A crimson imp (D:9)
  A bullfrog skeleton (D:8)
  A fungus (D:9)
  2 plants (D:9)
5 creatures vanquished.

Grand Total: 240 creatures vanquished

Notes
Turn   | Place    | Note
-------+----------+-------------------------------------------
     0 | D:1      | Naow the Minotaur Berserker began the quest for the Orb.
     0 | D:1      | Reached XP level 1. HP: 19/19 MP: 0/0
   235 | D:1      | Reached XP level 2. HP: 25/27 MP: 1/1
   359 | D:1      | Reached skill level 4 in Axes
   477 | D:1      | Reached XP level 3. HP: 26/33 MP: 2/2
   886 | D:2      | Reached ** piety under Trog
  1704 | D:3      | Reached XP level 4. HP: 38/41 MP: 3/3
  1783 | D:3      | Found a deep blue altar of Sif Muna.
  2291 | D:4      | Reached skill level 5 in Axes
  2361 | D:4      | Reached XP level 5. HP: 13/47 MP: 4/4
  2748 | D:4      | Reached skill level 6 in Axes
  3163 | D:4      | Reached skill level 7 in Axes
  3163 | D:4      | Reached XP level 6. HP: 55/55 MP: 5/5
  3629 | D:5      | Entered Level 5 of the Dungeon
  3653 | D:5      | Noticed Blork the orc
  3671 | D:5      | Killed Blork the orc
  3671 | D:5      | Reached skill level 8 in Axes
  3877 | D:5      | Found Gozag's Platinum Reserve.
  3879 | D:5      | Found an opulent altar of Gozag.
  3938 | D:5      | Reached *** piety under Trog
  3938 | D:5      | Reached XP level 7. HP: 59/60 MP: 6/6
  3950 | D:5      | Noticed Menkaure
  3968 | D:5      | Killed Menkaure
  3968 | D:5      | Reached skill level 9 in Axes
  4128 | D:5      | Reached skill level 10 in Axes
  4732 | D:5      | Noticed Dowan
  4733 | D:5      | Noticed Duvessa
  4741 | D:5      | Killed Duvessa
  4742 | D:5      | Killed Dowan
  4742 | D:5      | Reached XP level 8. HP: 67/67 MP: 7/7
  4767 | D:5      | HP: 2/67 [orc priest (3)]
  4768 | D:5      | Gained mutation: You are weak. (Str -2) [potion of mutation]
  4768 | D:5      | Gained mutation: Your mind is acute. (Int +2) [potion of mutation]
  4768 | D:5      | Gained mutation: You are agile. (Dex +2) [potion of mutation]
  4772 | D:5      | Reached skill level 11 in Axes
  5950 | D:5      | Reached skill level 12 in Axes
  6143 | D:6      | Found an iron altar of Okawaru.
  6460 | D:6      | Found a sand-covered staircase.
  6464 | Ossuary  | Entered an ossuary
  7021 | D:6      | Found a staircase to the Ecumenical Temple.
  7294 | D:7      | Reached skill level 13 in Axes
  7301 | D:7      | Reached **** piety under Trog
  7302 | D:7      | Reached XP level 9. HP: 73/73 MP: 8/8
  7473 | D:7      | Reached skill level 14 in Axes
  7597 | D:7      | Found a hide-covered altar of Uskayaw.
  7680 | D:7      | Found a shadowy altar of Dithmenos.
  7707 | D:7      | Found an iron altar of Okawaru.
  7708 | D:7      | Found a glowing golden altar of the Shining One.
  7710 | D:7      | Found a bloodstained altar of Trog.
  8132 | D:8      | Noticed Joseph
  8151 | D:8      | Killed Joseph
  8151 | D:8      | Reached skill level 15 in Axes
  8231 | D:8      | Noticed Pikel
  8241 | D:8      | Killed Pikel
  8241 | D:8      | Reached XP level 10. HP: 80/80 MP: 9/9
  8672 | D:8      | Reached skill level 16 in Axes
  8730 | D:8      | Noticed a three-headed hydra
  8737 | D:8      | Killed a seven-headed hydra
  8743 | D:8      | Reached skill level 17 in Axes
  8946 | D:9      | Found a staircase to the Lair.
  9432 | D:9      | Noticed Erica
  9445 | D:9      | Killed Erica
  9445 | D:9      | Reached skill level 18 in Axes
  9528 | D:9      | Found a shattered altar of Ashenzari.
  9533 | D:9      | Saw a vision of the Swamp and the Spider Nest.
  9533 | D:9      | Noticed a wolf spider
  9533 | D:9      | Noticed a wolf spider
  9533 | D:9      | Noticed a wolf spider
  9533 | D:9      | Noticed an alligator
  9533 | D:9      | Noticed an alligator
  9533 | D:9      | Noticed an alligator
  9534 | D:9      | Noticed an alligator
 10085 | D:10     | Entered Level 10 of the Dungeon
 10088 | D:10     | Noticed Harold
 10090 | D:10     | Reached XP level 11. HP: 85/85 MP: 10/10
 10113 | D:10     | Killed from afar by Harold

Vault maps used:
D:1:      dpeg_arrival_shelter, fountainhead
D:3:      led_sif_book
D:4:      first_bread, kennysheep_generic_room_7
D:5:      serial_park_tiny_pond, hangedman_abyss_or_decor_slice,
          nicolae_gozag_zags_fifth_avenue, uniq_blork_the_orc, uniq_menkaure,
          uniq_duvessa
D:6:      enter_ossuary_5, kennysheep_okawaru_gauntlet
D:7:      minitemple, nicolae_overflow_hidden_temple
D:8:      hangedman_ranch, uniq_pikel, uniq_joseph
D:9:      erik_lair_orcish_takeover, serial_park, serial_park_avenue1,
          serial_park_square2, serial_park_tiny_1, grunt_ashenzari_visionary,
          uniq_erica
D:10:     wad_statue_garden, minmay_pinched_square, uniq_harold, uniq_gastronok
Ossuary:  ossuary_due_mausoleum

Skill      XL: |  1  2  3  4  5  6  7  8  9 10 |
---------------+-------------------------------+-----
Fighting       | 4 |  4.9
Axes           | 4 5 7 8 10 13 15 18 | 18.4
Armour         | |  2.9
Dodging        | |  2.9
Stealth        | |  0.3

Action                   |  1- 3 |  4- 6 |  7- 9 | 10-12 || total
-------------------------+-------+-------+-------+-------++-------
Melee: Hand axe          |    78 |   135 |   344 |    83 ||   640
       Headbutt          |     9 |    24 |    78 |    31 ||   142
       War axe           |       |       |       |    78 ||    78
Invok: Trog's Hand       |     1 |     1 |     5 |     4 ||    11
       Berserk           |     1 |       |     9 |     7 ||    17
       Brothers in Arms  |       |       |       |     3 ||     3
  Use: Potion            |       |       |     2 |     4 ||     6
 Stab: Sleeping          |     3 |     2 |       |       ||     5
       Distracted        |       |     1 |       |       ||     1
  Eat: Chunk             |     4 |     7 |    14 |    16 ||    41
       Fruit             |       |     1 |     2 |     1 ||     4
       Beef jerky        |       |       |     3 |     1 ||     4
       Royal jelly       |       |       |     1 |       ||     1
Armor: Animal skin       |    17 |    15 |       |       ||    32
       Chain mail        |       |    36 |     1 |       ||    37
       Plate armour      |       |       |   150 |    85 ||   235
Dodge: Dodged            |    52 |    64 |    82 |    67 ||   265
